 Seeded DCSS version 0.29.1-2-gbd0b4ee654 (webtiles) character file.

Game seed: 1 (custom seed)

131202 Kazon the Fencer (level 17, 0/238 HPs)
             Began as a Naga Berserker on Nov 29, 2022.
             Was a High Priest of Trog.
             Slain by a culicivora (8 damage)
             ... on level 4 of the Spider Nest.
             The game lasted 02:36:42 (20799 turns).

Kazon the Fencer (Naga Berserker)                  Turns: 20799, Time: 02:36:43

Health: 0/238      AC: 28    Str: 23      XL:     17   Next: 9%
Magic:  2/17       EV: 13    Int:  7 (8)  God:    Trog [*****.]
Gold:   1451       SH:  9    Dex: 23 (24) Spells: 16/16 levels left

rFire   + + +      SeeInvis +   f - +14 Maxwell's thermic engine {flame, freeze}
rCold   + . .      Faith    .   c - +2 buckler
rNeg    . . .      Spirit   .   d - +3 troll leather armour {Snorg}
rPois   +          Reflect  .   j - +0 helmet
rElec   .          Harm     .   R - scarf {rC+ rF+}
rCorr   .          Rampage  .   Z - +2 pair of gloves {Dex+3}
Will    ++++.                   E - +3 barding {Fly}
Stlth   ..........              V - amulet "Odemouw" {Contam rPois rF+++ Regen+ Stlth+}
HPRegen 3.09/turn               O - +4 ring of protection
MPRegen 0.15/turn               M - +6 ring of dexterity

@: berserking, strong-willed, flying, regenerating, quick
A: AC +5, large, see invisible, deformed body, poison resistance, slowness 2,
spit poison 1, naga tail 2
a: Spit Poison, Renounce Religion, Berserk, Trog's Hand, Brothers in Arms


You were on level 4 of the Spider Nest.
You worshipped Trog.
Trog was extremely pleased with you.
You visited 3 branches of the dungeon, and saw 23 of its levels.

You collected 2601 gold pieces.
You spent 1150 gold pieces at shops.

Inventory:

Hand Weapons
 e - a +2 dagger of venom
 f - the +14 Maxwell's thermic engine (weapon) {flame, freeze}
   (You found it on level 1 of the Lair of Beasts)

   It burns those it strikes, dealing additional fire damage.
   Big, fiery blades are also staple armaments of hydra-hunters.
   It freezes those it strikes, dealing additional cold damage.
   It can also slow down cold-blooded creatures.
   It becomes more effective when it hits something.
   This effect fades over time.
 r - the +9 sword of Zonguldrok {reap}
   (Trog gifted it to you on level 1 of the Spider Nest)

   Any living foe damaged by it may be reanimated upon death as a zombie
   friendly to the wielder, with an increasing chance as more damage is dealt.
 s - the +3 falchion of Winter {venom, rCorr}
   (You bought it in a shop on level 3 of the Dungeon)

   It poisons the flesh of those it strikes.
   rCorr:     It protects you from acid and corrosion.
Missiles
 k - 24 boomerangs
 q - a throwing net
 C - 6 curare-tipped darts
 I - 41 poisoned darts (quivered)
 W - 5 datura-tipped darts
Armour
 c - a +2 buckler (worn)
 d - a +3 troll leather armour (worn) {Snorg}
 j - a +0 helmet (worn)
 E - a +3 barding of flying (worn)
 R - a scarf of resistance (worn)
 Z - a +2 pair of gloves of dexterity (worn)
Jewellery
 x - a ring of protection from cold
 A - a ring of protection from cold
 M - a +6 ring of dexterity (right hand)
 O - a +4 ring of protection (left hand)
 V - the amulet "Odemouw" (around neck) {Contam rPois rF+++ Regen+ Stlth+}
   (You bought it in a shop on level 8 of the Dungeon)

   [amulet of regeneration]

   rF:        It renders you almost immune to fire.
   rPois:     It protects you from poison.
   Contam:    It causes magical contamination when unequipped.
   Regen:     It increases your rate of health regeneration.
   Stlth:     It makes you more stealthy.
Wands
 b - a wand of paralysis (26)
 D - a wand of mindburst (33)
 F - a wand of flame (29)
 Q - a wand of polymorph (11)
 U - a wand of roots (11)
Scrolls
 g - 2 scrolls of summoning
 i - a scroll of identify
 n - 5 scrolls of immolation
 p - 2 scrolls of poison
 t - 2 scrolls of magic mapping
 u - 3 scrolls of noise {unknown}
 v - 6 scrolls of teleportation
 w - 4 scrolls of fog {unknown}
 y - 4 scrolls of enchant weapon
 z - a scroll of blinking
 J - 3 scrolls of fear
 X - 2 scrolls of silence
Potions
 a - 2 potions of ambrosia {unknown}
 h - 2 potions of resistance
 l - a potion of heal wounds
 m - 4 potions of berserk rage {unknown}
 o - 4 potions of haste
 B - 3 potions of cancellation
 G - 11 potions of lignification {unknown}
 K - 9 potions of curing
 L - 4 potions of might
 P - 2 potions of invisibility
 Y - 2 potions of mutation
Miscellaneous
 H - a lightning rod (4/4)
 N - a condenser vane
 S - a phantom mirror
 T - a phial of floods


   Skills:
 + Level 11.9 Fighting
 + Level 6.3(12.1) Short Blades
 + Level 15.9(16.4) Long Blades
 + Level 8.2 Maces & Flails
 + Level 7.2 Throwing
 + Level 5.8 Armour
 + Level 8.6 Dodging
 + Level 15.7 Stealth
 + Level 7.3 Shields
 + Level 10.4 Evocations


You had 16 spell levels left.
You didn't know any spells.
Your spell library was empty.

Dungeon Overview and Level Annotations

Branches:
Dungeon (14/15)            Temple (0/1) D:7            Lair (5/5) D:10
 Shoals (0/4) Lair:3       Spider (4/4) Lair:3        Slime (0/5) Lair:4
    Orc (0/2) D:12         Vaults (0/5) D:13

Altars:
Elyvilon
Hepliaklqana
Kikubaaqudgha
Uskayaw
Jiyva

Shops:
D:3 (   D:8 ?(==   D:10 :   D:13 !

Annotations:
D:14 3 runed translucent doors, zeram's ghost, journeyman TrSu


Innate Abilities, Weirdness & Mutations

Your serpentine skin is tough. (AC +5)
You have supernaturally acute eyesight. (SInv)
Armour fits poorly on your strangely shaped body.
Your system is resistant to poisons. (rPois)
You cover ground very slowly.
You can spit poison.
You can use your snake-like lower body to constrict enemies.


Message History

The meliai calls upon its god to heal something.
The killer bee misses you.
The meliai mumbles some strange prayers to its god against you.
Something smites you!
* * * LOW HITPOINT WARNING * * *
The killer bee stings you but does no damage.
A red film seems to cover your vision as you go berserk!
You feel yourself moving faster!
You feel mighty! You block the killer bee's attack.
The meliai invokes the aid of its god against you.
Something smites you!
* * * LOW HITPOINT WARNING * * *
The meliai invokes the aid of its god against you.
Something smites you!
* * * LOW HITPOINT WARNING * * *
The meliai invokes the aid of its god against you.
Something smites you!
* * * LOW HITPOINT WARNING * * *
The killer bee stings you but does no damage.
You miss the killer bee. You grab the killer bee. You constrict the killer bee.
The killer bee barely misses you.
The meliai invokes the aid of its god against you.
Something smites you!
* * * LOW HITPOINT WARNING * * *
The jumping spider leaps!
You block the killer bee's attack.
You hear a faint skittering sound.
You slash the killer bee! You burn the killer bee. You freeze the killer bee.
You kill the killer bee!
Trog accepts your kill.
The meliai mumbles some strange prayers to its god against you.
Something smites you!
* * * LOW HITPOINT WARNING * * *
The jumping spider leaps!
You slash the culicivora! You burn the culicivora. You freeze the culicivora.
You grab the culicivora.
The culicivora is moderately wounded.
You constrict the culicivora.
A redback comes into view.
The jumping spider leaps!
The culicivora bites you!
You die...

###†..#
#..†..### ###
###<†.#..###.#
#
#..†.##†###.##
.#
##..####.†...#
.. ####....#
##...##^##
##†#..####
#.##.....#
#......#
####†#####
##..#### #@#
##.. ##syy°°s.
.... #sys..#
####.. .yys#.
..# y..# ..#
s†s.. ## .#
#### #. #. #


You could see 2 culicivoras, 3 jumping spiders, 2 redbacks, 5 meliai and a
killer bee.

Vanquished Creatures
  Mara (Spider:3)
  Rupert (D:12)
  4 emperor scorpions
  3 ghost moths
  A broodmother (Spider:2)
  Nessos (D:12)
  Snorg (D:14)
  Azrael (D:13)
  An entropy weaver (Spider:1)
  2 spark wasps (Spider:3)
  A fire dragon (D:13)
  Fannar (Lair:2)
  3 hydras
  Erolcha (D:10)
  3 catoblepae
  4 boulder beetles
  A vault guard (D:13)
  4 centaur warriors
  A death knight (D:14)
  3 two-headed ogres
  7 death yaks
  5 skeletal warriors
  4 pharaoh ants (Spider:3)
  A fire crab (D:13)
  A sun moth (Spider:1)
  Lodul (D:12)
  4 steelbarb worms
  3 orb spiders
  A wizard (D:14)
  3 spriggan simulacra (D:14)
  4 spectral wolf spiders (Spider:1)
  6 wolf spider zombies (Spider:1)
  18 wolf spiders
  3 cyclopes
  A deep elf pyromancer (D:13)
  6 ugly things
  4 manticores
  A moth of wrath (Spider:3)
  5 black mambas
  5 elephants (Lair:4)
  11 cane toads
  4 torpor snails
  Maggie (D:6)
  4 rime drakes
  2 unseen horrors
  4 kobold demonologists (D:11)
  15 komodo dragons
  10 demonic crawlers
  2 freezing wraiths (D:14)
  A tengu conjurer (D:12)
  An efreet (D:14)
  4 trolls
  Prince Ribbit (D:9)
  A meliai (shapeshifter) (D:13)
  A queen bee (Spider:4)
  12 tarantellas
  A spectral culicivora (Spider:4)
  A polar bear (Lair:4)
  A meliai (Spider:3)
  2 wolf spider simulacra (Spider:1)
  14 blink frogs
  5 dream sheep (Lair:4)
  A snapping turtle (Lair:3)
  21 jumping spiders
  2 shadows
  2 vampires
  2 wraiths (D:12)
  57 yaks
  18 culicivoras
  2 fire elementals (D:13)
  4 wyverns
  5 basilisks
  Eustachio (D:5)
  26 redbacks
  2 steam dragons
  6 vampire mosquitoes
  3 minotaur simulacra (D:14)
  Menkaure (D:5)
  Edmund (D:6)
  2 acid dragons
  15 water moccasins
  2 hell hounds (D:13)
  5 orc warriors
  An ice beast (D:8)
  5 sky beasts
  2 black bears (D:6)
  5 centaurs
  7 ogres
  A wolf (D:10)
  2 phantoms (D:6)
  2 kobold brigands
  3 necrophages
  6 bullfrogs
  2 deep troll simulacra (D:14)
  A gnoll sergeant (D:7)
  10 scorpions
  21 wights
  15 killer bees
  3 electric eels
  A howler monkey (D:5)
  2 jellies (D:6)
  6 hounds
  7 orc priests
  A gnoll bouda (D:7)
  6 iguanas
  4 orc wizards
  4 hell rats
  Robin (D:3)
  15 gnolls
  13 adders
  3 shadow imps
  2 white imps (D:7)
  An ufetubus (D:5)
  4 worms
  37 orcs
  11 endoplasms
  3 giant cockroaches
  16 goblins
  9 hobgoblins
  A jackal (D:4)
  24 kobolds
  A quokka (D:1)
  5 ball pythons
  4 bats
  3 frilled lizards
  6 rats
673 creatures vanquished.

Vanquished Creatures (collateral kills)
  A broodmother (Spider:1)
  A spark wasp (Spider:3)
  An entropy weaver (Spider:3)
  A catoblepas (Lair:5)
  3 death yaks (Lair:5)
  2 pharaoh ants (Spider:3)
  A steelbarb worm (Spider:3)
  2 orb spiders
  A spectral wolf spider (Spider:1)
  A wolf spider (Spider:3)
  A torpor snail (Spider:2)
  A demonic crawler (Spider:1)
  A redback zombie (Spider:3)
  5 tarantellas
  A jumping spider zombie (Spider:3)
  2 jumping spiders
  4 culicivoras
  6 yaks
  11 redbacks
  A kobold brigand (D:10)
  3 kobolds (D:10)
50 creatures vanquished.

Vanquished Creatures (others)
  A wolf spider zombie (Spider:2)
  A shining eye (shapeshifter) (D:14)
  4 redback zombies
  A steelbarb worm zombie (Spider:1)
  2 jumping spider zombies
  2 centaur simulacra (D:14)
  2 tarantella zombies
  A torpor snail zombie (Spider:1)
  A quokka (D:7)
  39 fungi
  49 plants
103 creatures vanquished.

Grand Total: 826 creatures vanquished

Notes
Turn   | Place    | Note
-------+----------+-------------------------------------------
     0 | D:1      | Kazon the Naga Berserker began the quest for the Orb.
     0 | D:1      | Reached XP level 1. HP: 21/21 MP: 1/1
    35 | D:1      | Identified a scroll of acquirement
    35 | D:1      | Acquired a +2 barding of flying
   257 | D:1      | Reached XP level 2. HP: 23/28 MP: 2/2
   669 | D:2      | Reached XP level 3. HP: 15/34 MP: 3/3
   802 | D:2      | You are sucked into a shaft and drop 1 floor!
   856 | D:3      | Reached skill level 1 in Stealth
   856 | D:3      | Reached XP level 4. HP: 36/42 MP: 4/4
   858 | D:3      | Reached ** piety under Trog
   952 | D:3      | Found Umat's Antique Weapon Boutique.
  1344 | D:2      | Reached skill level 1 in Evocations
  1414 | D:2      | Reached XP level 5. HP: 31/50 MP: 5/5
  1575 | D:3      | Bought a crude falchion for 184 gold pieces
  1575 | D:3      | Identified the +3 falchion of Winter {venom, rCorr} (You
                  | bought it in a shop on level 3 of the Dungeon)
  1587 | D:3      | Reached skill level 1 in Throwing
  1712 | D:3      | Noticed Robin
  1726 | D:3      | Killed Robin
  1778 | D:3      | Reached skill level 5 in Fighting
  1778 | D:3      | Reached skill level 5 in Long Blades
  1778 | D:3      | Reached XP level 6. HP: 62/62 MP: 6/6
  2275 | D:4      | Reached XP level 7. HP: 67/68 MP: 7/7
  2441 | D:4      | Reached *** piety under Trog
  2788 | D:4      | Found a hazy altar of Hepliaklqana.
  2855 | D:5      | Entered Level 5 of the Dungeon
  2965 | D:5      | Reached XP level 8. HP: 73/76 MP: 8/8
  3203 | D:5      | Noticed Eustachio
  3222 | D:5      | Killed Eustachio
  3223 | D:5      | Reached skill level 5 in Evocations
  3310 | D:5      | Noticed Menkaure
  3367 | D:5      | Killed Menkaure
  3708 | D:6      | Reached XP level 9. HP: 75/82 MP: 9/9
  3720 | D:6      | Noticed Edmund
  3734 | D:6      | Killed Edmund
  4171 | D:6      | Reached skill level 1 in Maces & Flails
  4365 | D:6      | Reached **** piety under Trog
  4693 | D:6      | Noticed Maggie
  4715 | D:6      | Killed Maggie
  4716 | D:6      | Reached XP level 10. HP: 88/92 MP: 10/10
  5171 | D:7      | Found a hide-covered altar of Uskayaw.
  5195 | D:7      | Reached skill level 1 in Shields
  5216 | D:7      | Found a staircase to the Ecumenical Temple.
  5461 | D:7      | Found a white marble altar of Elyvilon.
  5679 | D:8      | Found Quzidd's Magic Scroll Emporium.
  5693 | D:8      | Bought a scroll of teleportation for 42 gold pieces
  5782 | D:8      | Found Esumer's Weapon Shop.
  6204 | D:8      | Found Heidghoki's Jewellery Shop.
  6316 | D:8      | Found Zoxtaeshakh's Jewellery Boutique.
  6509 | D:9      | Noticed Prince Ribbit
  6531 | D:9      | Killed Prince Ribbit
  6535 | D:9      | Reached ***** piety under Trog
  6779 | D:9      | Reached skill level 5 in Dodging
  7145 | D:9      | Noticed a two-headed ogre
  7153 | D:9      | Killed a two-headed ogre
  7154 | D:9      | Reached XP level 11. HP: 94/99 MP: 11/11
  7305 | D:9      | Reached skill level 10 in Stealth
  7358 | D:10     | Entered Level 10 of the Dungeon
  7782 | D:10     | Found a staircase to the Lair.
  7856 | D:10     | Noticed Erolcha
  7858 | D:10     | Killed Erolcha
  7878 | D:10     | Identified the +5 long sword of the Land of Plenty {drain,
                  | Dex+3}
  7908 | D:10     | Found Juagoaq's Book Shoppe.
  8862 | D:11     | Noticed a green ugly thing
  8866 | D:11     | Killed a green ugly thing
  8915 | D:11     | Reached skill level 5 in Throwing
  9064 | D:11     | Received a gift from Trog
  9071 | D:11     | Reached skill level 5 in Maces & Flails
  9085 | D:11     | Noticed a sixfirhy
  9094 | D:11     | Reached XP level 12. HP: 99/109 MP: 12/12
  9649 | Lair:1   | Entered Level 1 of the Lair of Beasts
  9734 | Lair:1   | Found the +2 Maxwell's thermic engine {flame, freeze}
 10065 | Lair:1   | Reached skill level 10 in Long Blades
 10179 | Lair:2   | Reached skill level 5 in Short Blades
 10487 | Lair:2   | Noticed a catoblepas
 10606 | Lair:2   | Killed a catoblepas
 10642 | Lair:2   | Noticed Fannar
 10688 | Lair:2   | Killed Fannar
 10978 | D:8      | Bought the amulet "Odemouw" {Contam rPois rF+++ Regen+
                  | Stlth+} for 734 gold pieces
 11571 | Lair:3   | Noticed a death yak
 11571 | Lair:3   | Noticed a death yak
 11578 | Lair:3   | Noticed a death yak
 11578 | Lair:3   | Noticed a death yak
 11629 | Lair:2   | Gained mutation: You can use your snake-like lower body to
                  | constrict enemies. [Naga growth]
 11629 | Lair:2   | Reached XP level 13. HP: 118/118 MP: 13/13
 11672 | Lair:3   | Found a hole to the Spider Nest.
 11793 | Lair:3   | Found a staircase to the Shoals.
 11936 | Lair:3   | Found an ancient bone altar of Kikubaaqudgha.
 12375 | Lair:4   | Identified the +3 battleaxe "Adididghufym" {antimagic, rF+
                  | Will+}
 12860 | Lair:4   | Found a staircase to the Slime Pits.
 12860 | Lair:4   | Found a viscous altar of Jiyva.
 12912 | Lair:5   | Entered Level 5 of the Lair of Beasts
 13151 | Lair:5   | Received a gift from Trog
 13389 | Lair:5   | Reached XP level 14. HP: 109/127 MP: 14/14
 13596 | Lair:5   | Reached skill level 10 in Evocations
 14398 | D:12     | Noticed Lodul
 14411 | D:12     | Reached skill level 5 in Armour
 14416 | D:12     | Killed Lodul
 14521 | D:12     | Noticed Nessos
 14525 | D:12     | Killed Nessos
 14599 | D:12     | Found a staircase to the Orcish Mines.
 14923 | D:12     | Noticed Rupert
 14925 | D:12     | Killed Rupert
 15020 | D:13     | Noticed Azrael
 15037 | D:13     | Received a gift from Trog
 15042 | D:13     | Killed Azrael
 15218 | D:13     | Found Ituota Roil's Distillery.
 15221 | D:13     | Bought a potion of resistance for 190 gold pieces
 15654 | D:13     | Reached XP level 15. HP: 128/138 MP: 15/15
 15670 | D:13     | Found a gate to the Vaults.
 15731 | D:13     | Reached skill level 10 in Fighting
 15875 | D:14     | Found a runed translucent gate.
 15875 | D:14     | Found a runed translucent gate.
 15876 | D:14     | Found a runed translucent gate.
 15985 | D:14     | Noticed zeram's ghost (journeyman TrSu)
 16029 | D:14     | Reached skill level 5 in Shields
 16127 | D:14     | Identified the +6 scale mail "Voetobuo" {Int-3 Dex+8}
 16192 | D:14     | Found a frozen archway.
 16219 | D:14     | Noticed Snorg
 16221 | D:14     | Killed Snorg
 16884 | D:14     | Noticed an emperor scorpion
 16884 | D:14     | an entropy weaver changed into an emperor scorpion
 16886 | D:14     | an emperor scorpion changed into an entropy weaver
 16906 | D:14     | Noticed a ghost moth
 16906 | D:14     | an entropy weaver changed into a ghost moth
 16915 | D:14     | a ghost moth changed into a six-headed hydra
 16920 | D:14     | Noticed a ghost moth
 16920 | D:14     | a radroach changed into a ghost moth
 16920 | D:14     | a ghost moth changed into a six-headed hydra
 16948 | D:14     | Noticed a shadow dragon
 16948 | D:14     | a minotaur changed into a shadow dragon
 16950 | D:14     | Noticed a sphinx
 16950 | D:14     | a shadow dragon changed into a sphinx
 16950 | D:14     | a sphinx changed into an iron troll
 16952 | D:14     | Noticed a frost giant
 16952 | D:14     | an iron troll changed into a frost giant
 16953 | D:14     | a frost giant changed into a dire elephant
 16974 | D:14     | Noticed a ghost moth
 16974 | D:14     | a catoblepas changed into a ghost moth
 16976 | D:14     | a ghost moth changed into a catoblepas
 16994 | D:14     | Noticed an emperor scorpion
 16994 | D:14     | a catoblepas changed into an emperor scorpion
 17123 | Spider:1 | Entered Level 1 of the Spider Nest
 17422 | Spider:1 | Received a gift from Trog
 17423 | Spider:1 | Found the +9 sword of Zonguldrok {reap}
 17480 | Spider:1 | Acquired 759 gold pieces
 17651 | Spider:1 | Noticed a ghost moth
 17658 | Spider:1 | Killed a ghost moth
 17711 | Spider:1 | Noticed an emperor scorpion
 17718 | Spider:1 | Killed an emperor scorpion
 17794 | Spider:1 | Reached XP level 16. HP: 129/147 MP: 16/16
 17848 | Spider:1 | Reached ****** piety under Trog
 19116 | Spider:2 | Reached skill level 15 in Long Blades
 19357 | Spider:3 | Reached skill level 15 in Stealth
 19596 | Spider:3 | Received a gift from Trog
 20416 | Spider:4 | Entered Level 4 of the Spider Nest
 20428 | Spider:3 | HP: 2/151 [spark wasp (12)]
 20433 | Spider:3 | HP: 2/151 [spark wasp/living lightning (24)]
 20545 | Spider:4 | Noticed Mara
 20551 | Spider:3 | Noticed Kazon's illusion
 20571 | Spider:3 | Killed Mara
 20703 | Spider:4 | Reached XP level 17. HP: 159/159 MP: 11/17
 20772 | Spider:4 | Received a gift from Trog
 20798 | Spider:4 | HP: 7/238 [meliai/divine providence (12)]
 20799 | Spider:4 | Slain by a culicivora

Illustrated notes

Levels and vault maps discovered:
D:1:      dpeg_arrival_three_smaller_balls, layout_basic
D:2:      layout_loops_ring
D:3:      layout_basic, serial_shops, nicolae_shop_stone, st_stairs_9,
          minmay_misc_feat_doors, eino_curves_03, uniq_robin
D:4:      minmay_wonky_spiral, layout_basic,
          mainiacjoe_overflow_surrounded_room, minivault_5
D:5:      layout_cave_pods, uniq_menkaure, uniq_eustachio
D:6:      cheibrodos_barr_body, layout_basic, minmay_crystal_room,
          minmay_pentangle, uniq_maggie, uniq_edmund
D:7:      layout_cave_pools, nicolae_uskayaw_murder_on_the_dancefloor,
          elyvilon_altar_4, minmay_temple_entry_purple_smoke
D:8:      layout_basic, serial_shops, shop_statue, kennysheep_little_box, shop,
          nicolae_shop_window_shopping
D:9:      layout_cave_pools, uniq_prince_ribbit1
D:10:     layout_stronghold, erik_lair_island, serial_shops,
          nicolae_shop_statue_plus, uniq_erolcha
D:11:     layout_roguey
D:12:     layout_loops_ring, orc_0_dummy, chequers_serial_rivers_marsh,
          uniq_lodul, uniq_nessos, uniq_rupert
D:13:     layout_gridville, david_vaults_5, serial_shops,
          nicolae_shop_behind_doors, minmay_fractal_squares_gapless_5,
          uniq_azrael
D:14:     layout_roguey, minmay_misc_feat_secret_circle, gammafunk_ghost_split,
          portal_ice_cave_entry_ice_simulacra, uniq_snorg
Lair:1:   layout_long_grid, fungi_pond_lemuel, cheibrodos_lair_reptile_den
Lair:2:   layout_gridlike, uniq_fannar
Lair:3:   layout_roguey, minmay_shoals_entry_hut,
          nicolae_spider_entry_non_spiders, basic_altar, serial_bayou_crossing
Lair:4:   layout_gridlike, slime_entry_1, serial_rivers,
          chequers_serial_rivers_room_a, chequers_serial_rivers_micro_c,
          chequers_serial_rivers_room_a, chequers_serial_rivers_micro_e,
          minivault_27, grunt_megastairs_3, infiniplex_staircase_pool_2
Lair:5:   evilmike_catoblepas_cave, layout_long_grid
Spider:1: layout_chambers, nicolae_spider_undead_wolf_pack
Spider:2: layout_cave_pods
Spider:3: layout_spider_delve
Spider:4: floodkiller_spider_rune_tomb, special_room [special_room_bee],
          uniq_mara

Skill      XL: |  1  2  3  4  5  6  7  8  9 10 11 12 13 14 15 16 |
---------------+-------------------------------------------------+-----
Armour         | 2 3 4 5 |  5.8
Stealth        | 1 6 8 9 10 11 12 13 14 15 | 15.7
Dodging        | 2 4 5 6 7 8 |  8.6
Evocations     | 1 4 5 6 7 8 9 10 | 10.4
Throwing       | 3 4 5 6 7 |  7.2
Fighting       | 5 6 7 8 9 10 11 | 11.9
Short Blades   | 4 5 6 |  6.3
Long Blades    | 5 6 7 8 9 10 11 13 14 15 | 15.9
Maces & Flails | 2 3 5 6 7 8 |  8.2
Shields        | 1 2 3 4 5 7 |  7.3

Action                   |  1- 3 |  4- 6 |  7- 9 | 10-12 | 13-15 | 16-18 || total
-------------------------+-------+-------+-------+-------+-------+-------++-------
Melee: Falchion          |    60 |    58 |   240 |   517 |    67 |       ||   942
       Punch             |     1 |       |     2 |       |       |       ||     3
       Dagger            |       |    21 |    51 |    92 |   144 |    12 ||   320
       Long sword        |       |       |       |   118 |       |       ||   118
       Double sword      |       |       |       |    16 |   486 |   316 ||   818
       Constrict         |       |       |       |       |   132 |    73 ||   205
Throw: Stone             |       |    13 |    18 |    38 |    28 |       ||    97
       Dart              |       |       |       |    17 |    37 |    21 ||    75
       Boomerang         |       |       |       |    40 |    50 |     6 ||    96
Invok: Berserk           |       |     2 |     4 |     9 |     4 |     4 ||    23
       Trog's Hand       |       |       |     1 |     1 |       |     1 ||     3
       Brothers in Arms  |       |       |       |     1 |     1 |     1 ||     3
 Abil: Spit Poison       |    14 |    18 |    21 |    38 |    29 |    23 ||   143
Evoke: Wand              |       |       |     2 |       |    15 |     7 ||    24
       Condenser vane    |       |       |       |       |     1 |       ||     1
  Use: Scroll            |     1 |       |       |    10 |    13 |     3 ||    27
       Potion            |       |     1 |     2 |       |       |     1 ||     4
 Stab: Sleeping          |     2 |     8 |    11 |    26 |    43 |     5 ||    95
       Distracted        |       |     1 |       |     1 |     2 |    16 ||    20
Armor: Animal skin       |    24 |    31 |    32 |       |       |       ||    87
       Leather armour    |       |       |    96 |   300 |   188 |       ||   584
       Troll leather arm |       |       |       |       |   194 |   200 ||   394
       Scale mail        |       |       |       |       |    10 |       ||    10
Dodge: Dodged            |    34 |    37 |   113 |   286 |   262 |   188 ||   920
Block: Buckler           |       |       |    26 |   145 |   215 |   163 ||   549
